 Dungeon Crawl Stone Soup version 0.29.0-11-gd7f09526c8 (webtiles) character file.

Game seed: 5482990842226547976

23141 smilodon the Nimble (level 12, -19/72 HPs)
             Began as a Demonspawn Fighter on Sept 2, 2022.
             Was a Believer of Yredelemnul.
             Demolished by a very large slime creature (44 damage)
             ... on level 12 of the Dungeon.
             The game lasted 00:42:57 (12676 turns).

smilodon the Nimble (Demonspawn Fighter)           Turns: 12676, Time: 00:42:57

Health: -19/72     AC: 35    Str: 32    XL:     12   Next: 69%
Magic:  16/16      EV: 14    Int:  9    God:    Yredelemnul [**....]
Gold:   650        SH: 19    Dex: 21    Spells: 11/11 levels left

rFire   . . .      SeeInvis .   d - +11 whip "Jaset" {freeze, *Rage rElec rPois Dex+7}
rCold   + + +      Faith    .   g - +2 kite shield {rC+}
rNeg    + . .      Spirit   .   Q - +7 crystal plate armour
rPois   +          Reflect  +   J - +2 hat {Will+}
rElec   +          Harm     .   M - +0 cloak "Soh Puco" {+Blink rN+ Str+3}
rCorr   .          Rampage  .   U - +1 pair of gloves "Osypeudd" {Str+5}
Will    +....      Rage     20% R - -2 pair of boots "Ekkirof" {rC++ Str+5 Stlth-}
Stlth   ..........              f - amulet of reflection
HPRegen 0.22/turn               F - +4 ring of protection
MPRegen 0.15/turn               E - +2 ring of protection

@: about to teleport, on berserk cooldown, slowed, very slow
A: antennae 2, foul stench 1, spiny 1, sturdy frame 2, bedeviling, frail 1, weak
1, wild magic 1
a: Renounce Religion, Evoke Blink, Recall Undead Harvest, Dark Bargain


You were on level 12 of the Dungeon.
You worshipped Yredelemnul.
Yredelemnul was noncommittal.
You visited 1 branch of the dungeon, and saw 12 of its levels.
You also visited: Trove and Ice Cave.

You collected 780 gold pieces.
You spent 130 gold pieces at shops.

Inventory:

Hand Weapons
 d - the +11 whip "Jaset" (weapon) {freeze, *Rage rElec rPois Dex+7}
   (You found it on level 4 of the Dungeon)

   It freezes those it strikes, dealing additional cold damage.
   It can also slow down cold-blooded creatures.
   Dex:       It affects your dexterity (+7).
   rElec:     It insulates you from electricity.
   rPois:     It protects you from poison.
   *Rage:     It berserks you when you make melee attacks (+20% chance).
 h - a +0 sling
 w - a +5 vorpal trident
Missiles
 m - 38 poisoned darts
 x - 3 throwing nets
Armour
 c - a +1 buckler
 g - a +2 kite shield of cold resistance (worn)
 q - an orb of mayhem
 u - a scarf of resistance
 B - the +1 shadow dragon scales of Jegoukos {Str+3 Dex+3 Stlth++++}
   (You found it in a treasure trove)

   Str:       It affects your strength (+3).
   Dex:       It affects your dexterity (+3).
   Stlth:     It makes you much more stealthy.
 H - a scarf of resistance
 J - a +2 hat of willpower (worn)
 K - a +0 pair of gloves of dexterity
 L - a +0 crystal plate armour
 M - the +0 cloak "Soh Puco" (worn) {+Blink rN+ Str+3}
   (You found it in a treasure trove)

   Str:       It affects your strength (+3).
   rN:        It protects you from negative energy.
   +Blink:    It lets you blink.
 N - a +1 chain mail of cold resistance
 O - the +3 scale mail "Xiorrof" {Rampage rF- Will+ MP+9}
   (You found it in a treasure trove)

   rF:        It makes you vulnerable to fire.
   MP:        It affects your magic capacity (+9).
   Rampage:   It bestows one free step when moving towards enemies.
   Will:      It increases your willpower.
 P - a +2 plate armour of fire resistance
 Q - a +7 crystal plate armour (worn)
 R - the -2 pair of boots "Ekkirof" (worn) {rC++ Str+5 Stlth-}
   (You found it in a treasure trove)

   Str:       It affects your strength (+5).
   rC:        It greatly protects you from cold.
   Stlth:     It makes you less stealthy.
 S - a +0 helmet
 T - the +4 plate armour of the Bulwark {Harm Will- Str+2 Int+8}
   (You found it in a treasure trove)

   Str:       It affects your strength (+2).
   Int:       It affects your intelligence (+8).
   Harm:      It increases damage dealt and taken.
   Will:      It decreases your willpower.
 U - the +1 pair of gloves "Osypeudd" (worn) {Str+5}
   (You found it in a treasure trove)

   Str:       It affects your strength (+5).
 V - a +2 scale mail of cold resistance
 W - a +1 leather armour of willpower
 X - the +1 hat of Paryguch {rN+}
   (You found it in a treasure trove)

   rN:        It protects you from negative energy.
Jewellery
 f - an amulet of reflection (around neck)
 i - an amulet of guardian spirit
 y - a ring of positive energy
 E - a +2 ring of protection (right hand)
 F - a +4 ring of protection (left hand)
Wands
 o - a wand of flame (33)
 p - a wand of iceblast (37)
 r - a wand of mindburst (12)
 z - a wand of paralysis (12)
Scrolls
 a - a scroll of enchant armour
 e - 6 scrolls of torment
 j - 7 scrolls of teleportation
 t - 3 scrolls of noise
 A - 4 scrolls of amnesia
 I - a scroll of poison
Potions
 l - 5 potions of attraction
 n - 2 potions of lignification
 s - 4 potions of degeneration
 v - a potion of heal wounds
 C - 4 potions of curing
 D - a potion of brilliance


   Skills:
 - Level 3.0 Fighting
 - Level 2.7 Long Blades
 * Level 13.4 Maces & Flails
 + Level 0.3 Ranged Weapons
 + Level 6.0 Armour
 - Level 13.4 Dodging
 * Level 9.0 Shields
 * Level 5.6 Invocations


You had 11 spell levels left.
You didn't know any spells.
Your spell library contained the following spells:

 Spells                   Type           Power      Damage    Failure   Level
 Ensorcelled Hibernation  Hex/Ice        0%         N/A       100%        2
 Spider Form              Tmut/Pois      0%         N/A       100%        3
 Tukima's Dance           Hex            0%         N/A       100%        3
 Anguish                  Hex/Necr       0%         N/A       100%        4
 Cause Fear               Hex            0%         N/A       100%        4
 Passage of Golubria      Tloc           0%         N/A       100%        4
 Freezing Cloud           Conj/Ice/Air   0%         6-21      100%        5
 Yara's Violent Unravell  Hex/Tmut       0%         3d3       100%        5
 Dragon Form              Tmut           0%         N/A       100%        7
 Dragon's Call            Summ           0%         N/A       100%        9
 Polar Vortex             Ice            0%         N/A       100%        9
 Simulacrum               Ice/Necr       Unusable   N/A       N/A         6

Dungeon Overview and Level Annotations

Branches:
Dungeon (12/15)            Temple (0/1) D:7            Lair (0/5) D:11
    Orc (0/2) D:10          IceCv (visited)

Altars:
Dithmenos
Hepliaklqana
Kikubaaqudgha
Nemelex Xobeh
Okawaru
Vehumet
Xom
Yredelemnul

Shops:
D:2 [   D:5 :   D:8 =


Innate Abilities, Weirdness & Mutations

You have a pair of antennae on your head.
You may rarely emit foul miasma when damaged in melee.
You are partially covered in sharp spines.
Your movements are less encumbered by armour. (ER -4)
Your hexes are more powerful.
You are frail. (-10% HP)
You are weak. (Str -2)
Your spells are a little harder to cast, but a little more powerful.


Message History

The enormous slime creature is lightly wounded.
You block the slime creature's attack.
Your slime creature zombie hits the enormous slime creature! x2
You whack the enormous slime creature! You freeze the enormous slime creature.
The enormous slime creature is moderately wounded.
You block the enormous slime creature's attack.
The slime creature hits you.
Your slime creature zombie hits the enormous slime creature!
You whack the enormous slime creature! You freeze the enormous slime creature.
The enormous slime creature is heavily wounded.
The enormous slime creature hits you!! You block the slime creature's attack.
Your slime creature zombie hits the enormous slime creature!
You hit the enormous slime creature but do no damage.
The enormous slime creature is heavily wounded.
The enormous slime creature misses you.
Your slime creature zombie hits the enormous slime creature!
The slime creature hits you.
Your slime creature zombie hits the enormous slime creature.
The enormous slime creature hits your slime creature zombie!!!
Your slime creature zombie hits the enormous slime creature! x2
An enormous slime creature splits.
There is an open door here.
You whack the slime creature! You freeze the slime creature.
The slime creature is moderately wounded.
The slime creature is struck by your spines.
The slime creature hits you!
Your slime creature zombie barely misses the large slime creature.
Your slime creature zombie completely misses the large slime creature.
The large slime creature hits your slime creature zombie!!
Two slime creatures merge to form a very large slime creature.
As you read the scroll of teleportation, it crumbles to dust.
You feel strangely unstable.
Your slime creature zombie hits the slime creature!
Two slime creatures merge to form a very large slime creature.
The very large slime creature attacks as you move away!
The very large slime creature is struck by your spines.
The very large slime creature hits you!!!
Ouch! That really hurt!
You die...
Your body rises from the dead as a mindless zombie.

.##. #.#....... .#. #.#........
.. #.#........ #.### #.#........
####$..########.#........
#......#....[##.#........
#....J{##.####..#........
#....Z{#@..#.'.).........
#..=..ZJ.#)..##....#####
#......####.###))......#
#......#ZZ...#Z##...^..#
#......#######.........#
#################.....#........#
............Z..Z........>[.....#
#########################......#
#......#


You could see a very large slime creature (ally target) and a friendly slime
creature zombie.

Vanquished Creatures
  3 two-headed ogres (D:11)
  A bog body (IceCv)
  A necromancer (IceCv)
  An ugly thing (IceCv)
  A manticore (D:12)
  4 slime creatures (D:12)
  2 black mambas (D:12)
  2 ice statues (IceCv)
  A kobold demonologist (D:9)
  5 ice devils (IceCv)
  An anaconda simulacrum (IceCv)
  2 trolls
  A hornet (D:10)
  2 dire elephant simulacra (IceCv)
  4 wraiths
  12 yaks
  2 steam dragons
  Menkaure (D:7)
  8 vampire mosquitoes
  4 harpy simulacra (IceCv)
  An acid dragon (D:11)
  A warg (D:10)
  2 hydra simulacra (IceCv)
  7 water moccasins
  4 orc warriors
  An ice beast (D:6)
  3 ogres
  4 black bears
  10 centaurs
  A phantom (D:5)
  2 kobold brigands
  6 bullfrogs
  3 scorpions
  2 gnoll sergeants (D:6)
  A cane toad simulacrum (IceCv)
  3 crimson imps (D:10)
  3 jellies
  2 orc priests
  4 hounds
  A gnoll bouda (D:9)
  Ijyb (D:2)
  5 orc wizards
  Robin (D:2)
  9 gnolls
  2 naga simulacra (IceCv)
  9 adders
  3 shadow imps
  4 white imps
  An ufetubus (D:5)
  3 worms (D:2)
  3 dart slugs
  36 orcs
  7 ball pythons
  4 bats (D:2)
  12 endoplasms
  4 giant cockroaches
  15 goblins
  11 hobgoblins
  2 jackals (D:5)
  19 kobolds
  3 quokkas
  A frilled lizard (D:1)
  4 rats
278 creatures vanquished.

Vanquished Creatures (collateral kills)
  A hydra (D:11)
  2 two-headed ogres
  A gargoyle (D:11)
  An anaconda simulacrum (IceCv)
  A komodo dragon (D:11)
  2 ice devils (IceCv)
  A merfolk (D:9)
  2 yaks (D:10)
  A vampire mosquito (D:10)
  A water moccasin (D:6)
  A black bear (D:11)
  3 centaurs
  A phantom (D:6)
  A necrophage (D:7)
  A crimson imp (D:10)
  An orc wizard (D:6)
  A hound zombie (D:6)
  3 gnolls (D:6)
  A white imp (IceCv)
  A spectral white imp (D:5)
  7 orcs
  2 ball pythons
  A kobold (D:7)
  A kobold zombie (D:7)
  3 orc zombies
41 creatures vanquished.

Vanquished Creatures (others)
  2 black mamba zombies (D:12)
  A spectral ice devil (IceCv)
  A two-headed ogre zombie (D:11)
  4 vampire mosquito zombies
  3 water moccasin zombies (D:12)
  A troll zombie (D:12)
  3 centaur zombies (D:11)
  2 black bear zombies (D:11)
  An ogre zombie (D:6)
  An adder zombie (D:12)
  7 orc zombies
  2 orcs (D:6)
  A ball python zombie (D:12)
  4 kobold zombies (D:11)
  52 fungi (D:11)
  57 plants (D:11)
142 creatures vanquished.

Grand Total: 461 creatures vanquished

Notes
Turn   | Place    | Note
-------+----------+-------------------------------------------
     0 | D:1      | smilodon the Demonspawn Fighter began the quest for the
                  | Orb.
     0 | D:1      | Reached XP level 1. HP: 18/18 MP: 1/1
   472 | D:1      | Gained mutation: You have a pair of small antennae on your
                  | head. [demonic ancestry]
   472 | D:1      | Reached XP level 2. HP: 24/24 MP: 2/2
   559 | D:1      | Found a faded altar of an unknown god.
  1575 | D:2      | Reached XP level 3. HP: 26/29 MP: 3/3
  1654 | D:2      | Found an ancient bone altar of Kikubaaqudgha.
  1734 | D:2      | Found Neaxtin's Antique Armour Emporium.
  1973 | D:2      | Identified a scroll of acquirement
  1973 | D:2      | Acquired a manual of Dodging
  2040 | D:2      | Reached skill level 1 in Dodging
  2831 | D:3      | Gained mutation: You are frail. (-10% HP) [potion of
                  | mutation]
  2831 | D:3      | Gained mutation: Your spells are a little harder to cast,
                  | but a little more powerful. [potion of mutation]
  2831 | D:3      | Gained mutation: You expend magic power (3 MP) to
                  | strengthen your wands. [potion of mutation]
  2839 | D:3      | Reached XP level 4. HP: 27/31 MP: 4/4
  2847 | D:3      | Noticed Robin
  3148 | D:2      | Killed Robin
  3485 | D:3      | Noticed Ijyb
  3794 | D:2      | HP: 1/31 [Ijyb/+2 dagger of electrocution (1)]
  3801 | D:2      | Killed Ijyb
  4088 | D:3      | Found a radiant altar of Vehumet.
  4389 | D:4      | Found a basalt altar of Yredelemnul.
  4396 | D:4      | Became a worshipper of Yredelemnul the Dark
  4428 | D:4      | Gained mutation: You may rarely emit foul miasma when
                  | damaged in melee. [demonic ancestry]
  4428 | D:4      | Reached XP level 5. HP: 34/36 MP: 5/5
  4554 | D:4      | Identified the +11 whip "Jaset" {freeze, *Rage rElec rPois
                  | Dex+7}
  4583 | D:4      | Reached skill level 5 in Dodging
  4834 | D:4      | Identified the +1 leather armour "Xoefuaph" {Will- Regen+
                  | Str+2 Stlth+}
  5185 | D:4      | Reached * piety under Yredelemnul
  5391 | D:5      | Entered Level 5 of the Dungeon
  5463 | D:5      | Found Syeso's Self-Improvement Boutique.
  5471 | D:5      | Reached skill level 1 in Maces & Flails
  5485 | D:5      | Noticed a phantom
  5495 | D:5      | Killed a phantom
  5496 | D:5      | Gained mutation: You are partially covered in sharp spines.
                  | [demonic ancestry]
  5496 | D:5      | Reached XP level 6. HP: 42/42 MP: 6/6
  5610 | D:5      | Found a shadowy altar of Dithmenos.
  5864 | D:5      | Reached ** piety under Yredelemnul
  5885 | D:5      | Gained mutation: Your movements are slightly less
                  | encumbered by armour. (ER -2) [demonic ancestry]
  5885 | D:5      | Reached XP level 7. HP: 46/46 MP: 7/7
  6002 | D:5      | Reached *** piety under Yredelemnul
  6210 | D:6      | Gained mutation: Your movements are less encumbered by
                  | armour. (ER -4) [demonic ancestry]
  6210 | D:6      | Reached XP level 8. HP: 52/52 MP: 8/8
  6355 | D:6      | Reached skill level 5 in Maces & Flails
  6463 | D:6      | Reached skill level 10 in Dodging
  6750 | D:6      | Found a hazy altar of Hepliaklqana.
  6846 | D:6      | Reached XP level 9. HP: 56/56 MP: 9/9
  7034 | D:7      | Noticed Menkaure
  7038 | D:7      | Killed Menkaure
  7170 | D:7      | Found a staircase to the Ecumenical Temple.
  7705 | D:7      | Reached skill level 10 in Maces & Flails
  8113 | D:8      | Found Wogaoh's One-of-a-Kind Rings.
  8121 | D:8      | Bought a +2 ring of protection for 130 gold pieces
  8167 | D:8      | Gained mutation: You have a pair of antennae on your head.
                  | [demonic ancestry]
  8167 | D:8      | Reached XP level 10. HP: 63/63 MP: 10/10
  8398 | D:8      | Found an iron altar of Okawaru.
  9679 | D:10     | Entered Level 10 of the Dungeon
  9737 | D:10     | Noticed a two-headed ogre
  9752 | D:10     | Killed a two-headed ogre
  9768 | D:10     | Reached XP level 11. HP: 67/67 MP: 11/11
  9947 | D:10     | Found a staircase to the Orcish Mines.
 10100 | D:10     | Lost mutation: Your spells are a little harder to cast, but
                  | a little more powerful. [potion of mutation]
 10100 | D:10     | Lost mutation: You expend magic power (3 MP) to strengthen
                  | your wands. [potion of mutation]
 10100 | D:10     | Gained mutation: You are weak. (Str -2) [potion of
                  | mutation]
 10100 | D:10     | Gained mutation: Your spells are a little harder to cast,
                  | but a little more powerful. [potion of mutation]
 10113 | D:10     | Found a shimmering altar of Xom.
 10149 | D:10     | Reached **** piety under Yredelemnul
 10355 | D:10     | Found a sparkling altar of Nemelex Xobeh.
 10542 | D:11     | Noticed a two-headed ogre
 10548 | D:11     | Killed a two-headed ogre
 10607 | D:11     | Reached skill level 1 in Invocations
 10618 | D:11     | Found a staircase to the Lair.
 10634 | D:11     | Found a portal to a secret trove of treasure.
 10642 | D:11     | You paid a toll of 5 scrolls of butterflies to enter a
                  | treasure trove
 10643 | Trove    | Entered a treasure trove
 10651 | Trove    | Identified the +1 shadow dragon scales of Jegoukos {Str+3
                  | Dex+3 Stlth++++}
 10659 | Trove    | Identified the +0 cloak "Soh Puco" {+Blink rN+ Str+3}
 10663 | Trove    | Identified the +3 scale mail "Xiorrof" {Rampage rF- Will+
                  | MP+9}
 10669 | Trove    | Identified the -2 pair of boots "Ekkirof" {rC++ Str+5
                  | Stlth-}
 10673 | Trove    | Identified the +4 plate armour of the Bulwark {Harm Will-
                  | Str+2 Int+8}
 10675 | Trove    | Identified the +1 pair of gloves "Osypeudd" {Str+5}
 10681 | Trove    | Identified the +1 hat of Paryguch {rN+}
 10798 | D:11     | Found a frozen archway.
 10799 | D:11     | Noticed a two-headed ogre
 10804 | IceCv    | Entered an ice cave
 10854 | IceCv    | Reached skill level 5 in Shields
 11163 | IceCv    | Noticed a white ugly thing
 11222 | IceCv    | Reached skill level 5 in Armour
 11300 | IceCv    | Noticed a necromancer
 11300 | IceCv    | Noticed a bog body
 11304 | IceCv    | Killed a necromancer
 11308 | IceCv    | Killed a bog body
 11361 | IceCv    | Killed a white ugly thing
 11495 | D:11     | Killed a two-headed ogre
 11496 | D:11     | Gained mutation: Your hexes are more powerful. [demonic
                  | ancestry]
 11496 | D:11     | Reached XP level 12. HP: 72/72 MP: 14/14
 11498 | D:11     | Noticed a seven-headed hydra
 11509 | D:11     | Killed a seven-headed hydra
 11723 | D:11     | Noticed a two-headed ogre
 11731 | D:11     | Killed a two-headed ogre
 11924 | D:11     | Reached ***** piety under Yredelemnul
 11998 | D:11     | Noticed a two-headed ogre
 12004 | D:11     | Killed a two-headed ogre
 12005 | D:11     | Reached ****** piety under Yredelemnul
 12529 | D:12     | Reached skill level 5 in Invocations
 12676 | D:12     | Demolished by a very large slime creature

Illustrated notes

Levels and vault maps discovered:
D:1:      wander_arrival_lonely_grave, layout_loops_corners,
          shapermc_ecumenical_altar_flowoftime
D:2:      layout_rooms, basic_altar, serial_shops, shop_statue, serial_curves,
          eino_curves_02, eino_curves_03
D:3:      layout_rooms, fiery_altar_vehumet, kennysheep_generic_room_12,
          uniq_ijyb, uniq_robin
D:4:      layout_loops_cross, old_standard_altar, minmay_misc_feat_chi,
          minmay_misc_feat_five, minmay_quantized
D:5:      layout_rooms, mainiacjoe_overflow_boulevard, nicolae_shop_self_help
D:6:      layout_cave_pools, tso_altar, nicolae_hepliaklqana_hippocampus
D:7:      layout_loops_corners, temple_pool_b, uniq_menkaure
D:8:      layout_cave_pools, general_overflow_altar, serial_column_ruins,
          column_ruins_circle_medium, column_ruins_hut, column_ruins_open_large,
          column_ruins_open_tiny, column_ruins_columns_straight,
          column_ruins_grid_1, column_ruins_open_large,
          nicolae_shop_unique_rings
D:9:      layout_long_grid, hangedman_fish_farm
D:10:     layout_cave_pools, mainiacjoe_overflow_paths, led_xom_imps,
          david_orc_3, columned_hall_lemuel
D:11:     layout_basic, due_lair_maze_entry_diamond,
          nicolae_trove_entry_crystal, portal_ice_cave_entry_pillars_2,
          gauntlet_entry_generic
D:12:     layout_basic, serial_shops, nicolae_take_the_stairs,
          hangedman_parallel_progression

Skill      XL: |  1  2  3  4  5  6  7  8  9 10 11 12 |
---------------+-------------------------------------+-----
Shields        | 3 4 6 9 |  9.0
Long Blades    | 2 |  2.7
Dodging        | 2 4 6 7 9 13 | 13.4
Maces & Flails | 1 2 4 9 10 11 12 13 | 13.4
Armour         | 3 4 5 6 |  6.0
Invocations    | 3 5 |  5.6
Fighting       | |  3.0
Ranged Weapons | |  0.3

Action                   |  1- 3 |  4- 6 |  7- 9 | 10-12 || total
-------------------------+-------+-------+-------+-------++-------
Melee: Long sword        |   164 |   111 |       |       ||   275
       Whip              |       |    50 |    97 |   407 ||   554
 Fire: Sling             |     4 |       |       |       ||     4
Invok: Recall Undead Har |       |       |       |     1 ||     1
Evoke: Wand              |       |       |       |     2 ||     2
  Use: Potion            |     9 |     8 |     2 |     5 ||    24
       Scroll            |     6 |     4 |     5 |     9 ||    24
 Stab: Distracted        |       |       |       |     2 ||     2
Armor: Scale mail        |    83 |    98 |    13 |    15 ||   209
       Crystal plate arm |       |       |       |    92 ||    92
Dodge: Dodged            |    84 |   116 |    66 |   200 ||   466
Block: Buckler           |    50 |    37 |     1 |   109 ||   197
       Reflection        |       |       |       |    17 ||    17
       Kite shield       |       |       |       |    86 ||    86
